 Dungeon Crawl Stone Soup version 0.25.1-2-g60ff931df9 (webtiles) character file.

Game seed: 1285668004501928277

51 gbos the Chopper (level 3, 0/29 HPs)
             Began as a Demonspawn Berserker on Nov 16, 2020.
             Was a Follower of Trog.
             Slain by a worm (10 damage)
             ... on level 2 of the Dungeon.
             The game lasted 00:00:14 (1739 turns).

gbos the Chopper (Demonspawn Berserker)             Turns: 1739, Time: 00:00:15

Health: 0/29       AC:  5    Str: 18    XL:     3   Next: 57%
Magic:  3/3        EV: 11    Int:  8    God:    Trog [*.....]
Gold:   56         SH:  0    Dex: 12    Spells: 2/2 levels left

rFire    + . .     SeeInvis .   Y - +0 hand axe
rCold    . . .     Gourm    .   (no shield)
rNeg     . . .     Faith    .   f - +0 ring mail
rPois    .         Spirit   .   (no helmet)
rElec    .         Reflect  .   (no cloak)
rCorr    .         Harm     .   (no gloves)
MR       .....                  (no boots)
Stlth    +.........             (no amulet)
HPRegen  0.09/turn              (no ring)
MPRegen  0.08/turn              (no ring)

@: lethally poisoned (0 -> -4), berserk cooldown, slowed, very slow
A: fire resistance 1
a: Berserk, Renounce Religion


You were on level 2 of the Dungeon.
You worshipped Trog.
Trog was aware of your devotion.
You were not hungry.

You visited 1 branch of the dungeon, and saw 2 of its levels.

You collected 56 gold pieces.


Innate Abilities, Weirdness & Mutations

Your flesh is heat resistant. (rF+)


   Skills:
 - Level 3.0 Fighting
 + Level 4.2 Axes
 - Level 1.7 Armour
 - Level 1.7 Dodging


You had 2 spell levels left.
You didn't know any spells.
Your spell library was empty.

Inventory:

Hand Weapons
 d - a +0 flail
 Y - a +0 hand axe (weapon)
Missiles
 g - 6 boomerangs (quivered)
Armour
 f - a +0 ring mail (worn)
Potions
 e - a potion of resistance {unknown}
Comestibles
 a - 2 chunks of flesh
 c - 3 rations

Dungeon Overview and Level Annotations

Branches:
Dungeon (2/15)

Altars:


Message History

The adder poisons you!
You hit the adder.
You kill the adder!
Trog accepts your kill.
You are no longer berserk.
You are exhausted.
You feel yourself slow down.
You feel sick.
You hit the worm.
The worm is moderately wounded.
You feel sick. The worm closely misses you.
You hit the worm but do no damage.
The worm is moderately wounded.
The worm bites you!
You barely miss the worm.
The worm is lightly wounded.
You feel sick. The worm bites you.
You barely miss the worm.
The worm is lightly wounded.
The worm bites you!
You die...

#### ...###
#.#.############
#............).#####
#......###......<..#
#......# #.###.###.#
##.....# #.# #.###.#
#.....# #.# #.....#
##@#### #.######..#
#w# #.........# .K.
########.## .....
#.# ....... #.#
......... #.#
'.........+ #.#
##.........# #.# .#


You could see a worm and a kobold.

Vanquished Creatures
  An adder (D:2)
  A gnoll (D:1)
  An ooze (D:1)
  A dart slug (D:1)
  2 giant cockroaches (D:1)
  3 hobgoblins (D:1)
  3 jackals (D:1)
  3 bats
  2 frilled lizards (D:1)
  A goblin (D:1)
  6 kobolds
  2 rats (D:1)
26 creatures vanquished.

Notes
Turn   | Place    | Note
-------+----------+-------------------------------------------
     0 | D:1      | gbos the Demonspawn Berserker began the quest for the Orb.
     0 | D:1      | Reached XP level 1. HP: 18/18 MP: 1/1
     0 | D:1      | 0 ||| counter = 56
   355 | D:1      | Reached skill level 3 in Axes
   355 | D:1      | Gained mutation: Your flesh is heat resistant. (rF+)
                  | [demonic ancestry]
   355 | D:1      | Reached XP level 2. HP: 24/24 MP: 2/2
   371 | D:1      | 371 ||| INVOKING Berserk.
   769 | D:1      | 769 ||| INVOKING Berserk.
   920 | D:1      | 920 ||| DROPPING +0 club.
   962 | D:1      | Reached XP level 3. HP: 29/29 MP: 3/3
  1353 | D:1      | Reached skill level 4 in Axes
  1630 | D:1      | 1630 ||| UPGRADING to ring mail.
  1640 | D:1      | 1640 ||| DROPPING +0 animal skin.
  1641 | D:1      | 1641 ||| READING scroll labeled LIATWOS QYURU.
  1682 | D:2      | 1682 ||| STAIRDANCE
  1723 | D:2      | 1723 ||| INVOKING Berserk.
  1739 | D:2      | Slain by a worm

Levels and vault maps discovered:
D:1:      dpeg_arrival_court, layout_loops_corners, serial_park_tiny_1
D:2:      layout_loops_corners, corexii_corridor_pit

Skill      XL: |  1  2  3 |
---------------+----------+-----
Axes           | 3 4 |  4.2
Fighting       | |  3.0
Armour         | |  1.7
Dodging        | |  1.7

Action                   || total
-------------------------++-------
Melee: Hand axe          ||    78
Throw: Boomerang         ||    12
Invok: Berserk           ||     3
  Use: Scroll            ||     1
  Eat: Chunk             ||     5
Armor: Animal skin       ||    14
       Ring mail         ||     1
Dodge: Dodged            ||    54
